 Dungeon Crawl Stone Soup version 0.23.1 (webtiles) character file.

Game seed: 2526641389348323533

19 Charmandara the Vexing (level 2, -1/19 HPs)
             Began as a Human Enchanter on Mar 19, 2019.
             Slain by a worm (6 damage)
             ... on level 2 of the Dungeon.
             The game lasted 00:02:00 (1040 turns).

Charmandara the Vexing (Human Enchanter)            Turns: 1040, Time: 00:02:00

Health: -1/19      AC:  2    Str:  8    XL:     2   Next: 95%
Magic:  1/5        EV: 12    Int: 15    God:
Gold:   36         SH:  0    Dex: 13    Spells: 2/5 levels left

rFire    . . .     SeeInvis .   a - +1 dagger
rCold    . . .     Gourm    .   (no shield)
rNeg     . . .     Faith    .   b - +0 robe
rPois    .         Spirit   .   (no helmet)
rElec    .         Reflect  .   (no cloak)
rCorr    .         Harm     .   (no gloves)
MR       .....                  (no boots)
Stlth    ++........             (no amulet)
HPRegen  0.06/turn              (no ring)
MPRegen  0.09/turn              (no ring)

@: no status effects
A: no striking features
a: no special abilities


You were on level 2 of the Dungeon.
You were not hungry.

You visited 1 branch of the dungeon, and saw 2 of its levels.

You collected 36 gold pieces.

Inventory:

Hand Weapons
 a - a +1 dagger (weapon)
Missiles
 c - 16 bolts
Armour
 b - a +0 robe (worn)
 e - a +0 ring mail
   (You found it on level 1 of the Dungeon)
Scrolls
 h - a scroll of immolation {unknown}
Potions
 f - a potion of might {unknown}
 g - a potion of curing {unknown}
Comestibles
 d - 3 rations


   Skills:
 - Level 1.0 Short Blades
 - Level 2.0 Dodging
 - Level 3.0 Stealth
 - Level 2.0 Spellcasting
 + Level 3.9 Hexes


You had 2 spell levels left.
You knew the following spells:

 Your Spells              Type           Power        Failure   Level  Hunger
a - Ensorcelled Hibernat  Hex/Ice        #.....       16%         2    ###....
v - Corona                Hex            ##.....      4%          1    #......

Your spell library contained the following spells:

 Spells                   Type           Power        Failure   Level  Hunger
 Confuse                  Hex            ##......     13%         3    ###....
 Tukima's Dance           Hex            ##......     13%         3    ###....
 Dazzling Spray           Conj/Hex       #.....       30%         3    ###....


Dungeon Overview and Level Annotations

Branches:
Dungeon (1/15)

Altars:
Fedhas


Message History

The goblin is too close now for your liking.
MP restored: 5
Okay, then.
Aim: a goblin, wielding a +0 club (hasn't noticed you, chance to defeat MR: 67%)
The goblin shouts!
The goblin is outlined in light.
You now have 4/5 mp.
Unknown command.
You hit the goblin. The goblin barely misses you.
You hit the goblin but do no damage. The goblin hits you but does no damage.
You barely miss the goblin. The goblin barely misses you.
You hit the goblin.
You kill the goblin!
You see here a +0 club.
Items here: ) [ †† a +0 club; a +0 leather armour; a frilled lizard corpse; a hobgoblin corpse Memorise Ensorcelled Hibernation, consuming 2 spell levels and leaving 2?
You start memorising the spell.
You continue memorising. x2
You finish memorising.
Spell assigned to 'a'.
MP restored: 5 You see here a +0 club.
Things that are here:
a +0 hand axe; a kobold corpse
h - a scroll labeled GOGEQE XESTOPP A bat comes into view.
The bat moves out of view.
d - 3 rations (gained 1)
The bat is too close now for your liking.
A bat is nearby!
Aim: a bat (chance to defeat MR: 56%)
The bat resists with significant effort.
You are feeling hungry.
The bat closely misses you.
You now have 3/5 mp.
Unknown command.
The bat hits you but does no damage. The bat hits you but does no damage.
You barely miss the bat. The bat hits you.
You take 1 damage, and have 17/19 hp.
Aim: a bat (chance to defeat MR: 56%)
The bat resists with significant effort.
The bat hits you.
You take 1 damage, and have 16/19 hp.
You now have 1/5 mp.
Unknown command.
You hit the bat. The bat misses you.
You miss the bat. The bat closely misses you.
You don't have enough magic to cast that spell.
Unknown command.
You hit the bat. The bat hits you but does no damage. x2
You closely miss the bat. The bat misses you.
Aim: a bat (severely wounded, chance to defeat MR: 56%)
The bat resists with significant effort.
The bat closely misses you.
You now have 0/5 mp.
Unknown command.
The bat hits you.
You take 1 damage, and have 16/19 hp.
You hit the bat but do no damage. The bat closely misses you. The bat hits you.
You take 1 damage, and have 15/19 hp.
You miss the bat. The bat closely misses you. The bat hits you.
You take 1 damage, and have 14/19 hp.
You hit the bat.
You kill the bat!
You see here a bat corpse.
You butcher the bat corpse.
i - a chunk of flesh {@w0} You see here a bat skeleton.
You start resting.
Eating a chunk of flesh {@w0}.
You eat the chunk of flesh {@w0}.
A worm comes into view.
You regained 2 mp, and now have 2/5 mp.
A worm is nearby!
A worm is nearby!
Aim: a worm (chance to defeat MR: 48%)
The worm looks drowsy...
You now have 0/5 mp.
Unknown command.
The helpless worm fails to defend itself.
You puncture the worm! The worm bites you!
You take 8 damage, and have 8/19 hp.
MASSIVE DAMAGE!!
You barely miss the worm. You barely miss the worm.
The worm closely misses you.
You hit the worm. You hit the worm but do no damage. The worm bites you.
You take 2 damage, and have 6/19 hp.
You hit the worm. You hit the worm. The worm barely misses you.
You hit the worm. You hit the worm. The worm closely misses you.
You barely miss the worm. The worm bites you.
* * * LOW HITPOINT WARNING * * *
You take 1 damage, and have 5/19 hp.
Unknown command.
You hit the worm but do no damage. You hit the worm but do no damage.
The worm barely misses you.
You hit the worm. You barely miss the worm. The worm bites you.
You die...

#.#...#####.###.#
#.#.#...........#
#.#.#.#####.###...#
#.#.#.#.....# ##
##.#'#...###.#
.........# #.#
.......÷.# #.###.#
......#..###.....#
......##.@w...####
...... #.#....#
...........#..#
...........#.....
...........#.####
.........#..
.......#.#.#
.......#.#.#


You could see a worm.

Vanquished Creatures
  A leopard gecko (D:2)
  A giant cockroach (D:1)
  5 goblins
  2 hobgoblins
  2 bats
  3 frilled lizards
  3 kobolds (D:2)
17 creatures vanquished.

Notes
Turn   | Place    | Note
-------+----------+-------------------------------------------
     0 | D:1      | Charmandara the Human Enchanter began the quest for the
                  | Orb.
     0 | D:1      | Reached XP level 1. HP: 13/13 MP: 3/3
    68 | D:1      | Reached XP level 2. HP: 9/19 MP: 1/5
   522 | D:1      | You fall through a shaft!
   537 | D:2      | Found a blossoming altar of Fedhas.
   960 | D:2      | Learned a level 2 spell: Ensorcelled Hibernation
  1040 | D:2      | Slain by a worm

Action                   || total
-------------------------++-------
Melee: Dagger            ||    87
 Cast: Corona            ||    13
       Ensorcelled Hiber ||     4
 Stab: Sleeping          ||     4
  Eat: Chunk             ||     1
Armor: Robe              ||    14
Dodge: Dodged            ||    48

Levels and vault maps discovered:
D:1:      dpeg_arrival_shelter, layout_loops_ring, minmay_split_cup_small
D:2:      layout_basic, first_ration, lemuel_statue_altar

Table legend:
 A = Turns spent in this place as a percentage of turns spent in the entire game.
 B = Non-inter-level travel turns spent in this place as a percentage of non-inter-level travel turns spent in the entire game.
 C = Inter-level travel turns spent in this place as a percentage of turns spent in this place.
 D = Turns resting spent in this place as a percentage of non-inter-level travel turns spent in this place.
 E = Turns spent auto-exploring this place as a percentage of non-inter-level travel turns spent in this place.
 F = Non-inter-level travel turns spent in this place divided by the number of levels of this place that you've seen.
                   A       B       C       D       E      F
               +-------+-------+-------+-------+-------+----------------------
         Total | 100.0 | 100.0 |   0.0 |  69.1 |  10.8 | 520.0
       Dungeon | 100.0 | 100.0 |   0.0 |  69.1 |  10.8 | 520.0
               +-------+-------+-------+-------+-------+----------------------

Table legend:
 A = Kills in this place as a percentage of kills in entire the game.
 B = Kills by you in this place as a percentage of kills by you in the entire game.
 C = Kills by friends in this place as a percentage of kills by friends in the entire game.
 D = Other kills in this place as a percentage of other kills in the entire game.
 E = Experience gained in this place as a percentage of experience gained in the entire game.
 F = Experience gained in this place divided by the number of levels of this place that you have seen.
                   A       B       C       D       E      F
               +-------+-------+-------+-------+-------+----------------------
         Total | 100.0 | 100.0 |   N/A |   N/A | 100.0 |  14.0
       Dungeon | 100.0 | 100.0 |   N/A |   N/A | 100.0 |  14.0
               +-------+-------+-------+-------+-------+----------------------
